groovejumper, chaotic female human Monk ---- ---- --- ----- |..--- |..| --(---- ---------...| |....-- --..---|...|.-- |.....|.....| ---- ---- --....| |......|......| |...........| |..-- |..| --...| -------- |-...........--------- ---........----...| |..| |...---......| --....<...............| --......-- |....-- --.| --............--- |..............------%--- --.|..-- |.....-- |.| --..........^....| |......*%....0.| ---|...|-.. |%|-.--- --.....| |.-- |................| --.....^.......--|..---%|.^. |.||...| |.|.>-- |..---................- ----...........||.......... |.|---.---|.|--- |...................... --.........-----..%.... --.| |...||.| |.--.|......-....*....- |.........| --..... --..| ---.--.-- |.|-----..............| --.|...|.-- --.... |...| |.....| |.-- --.............| ---.----- --... --.-- --....-- |..--- ----.--.......-- |...| --. --%.. --- |.....| ---....-- ---|........--- ---%.%--.|......--... ----.....---.......--- ----.......| |.@.[)))..-.......... --....0...^...0.......-----------.-....-----q|.................. |..........%.................................| --......-- --- --.--.|.--.--.-----.|.------------------------ -------------- ----- groovejumper the Student of Stones Experience level: 10 Strength: 18 Dexterity: 14 Constitution: 15 Intelligence: 9 Wisdom: 7 Charisma: 11 Health: 0(70) Energy: 47(47) AC: -1 Gold: 0 Moves: 13857 Your Inventory: Armor a - an uncursed rotted +2 pair of leather gloves (being worn) g - an [uncursed] +2 pair of iron shoes (being worn) i - an uncursed +1 robe (being worn) t - an [uncursed] rusty +0 dwarvish iron helm (being worn) Scrolls D - an [uncursed] scroll of teleportation Rings h - a blessed +1 ring of protection (on left hand) L - a cursed ring of slow digestion (on right hand) Wands H - an [uncursed] balsa wand [of light (0:12)] Tools b - an uncursed sack u - an uncursed [+0] unicorn horn G - an [uncursed] leash P - an uncursed blindfold Contents of the sack: 1415 gold pieces an uncursed triangular amulet [of ESP] an uncursed [+0] faded pall [elven cloak] an uncursed avacado 4 uncursed cream pies 11 uncursed food rations an uncursed lizard corpse an uncursed melon an uncursed pancake 2 uncursed scrolls called earth [of earth] an uncursed scroll labeled ACHAT SHTAYIM SHALOSH [of create monster] a blessed scroll labeled LOREN IPSUM [of confuse monster] 2 uncursed scrolls labeled LOREN IPSUM [of confuse monster] an uncursed scroll of destroy armor a cursed scroll of destroy armor 2 uncursed scrolls of enchant weapon an uncursed scroll of flood a blessed scroll of light an uncursed scroll of light a cursed scroll of light a cursed scroll of magic mapping an uncursed scroll of scare monster an uncursed scroll of teleportation an uncursed unlabeled scroll [of blank paper] a blessed spellbook of force bolt an uncursed spellbook of healing an uncursed spellbook of levitation a blessed spellbook of sleep an uncursed indigo potion [of invisibility] 2 uncursed murky potions [of sickness] a blessed orange potion [of gain ability] an uncursed orange potion [of gain ability] 4 uncursed potions of healing a potion of holy water a potion of unholy water an uncursed viscous potion [of fruit juice] an uncursed white potion [of gain energy] a cursed white potion [of gain energy] a cursed copper ring [of see invisible] an uncursed [+1] coral ring [of increase damage] a cursed granite ring [of polymorph] a blessed [+1] jet ring [of gain wisdom] an uncursed [+1] obsidian ring [of gain dexterity] an uncursed [+1] opal ring [of adornment] an uncursed [+1] porcelain ring [of increase accuracy] an uncursed ring of conflict an uncursed ring of invisibility a cursed ring of levitation a cursed wire ring [of hunger] an uncursed balsa wand [of light (0:13)] an uncursed balsa wand [of light (0:12)] an uncursed bamboo wand [of locking (0:6)] a cursed black wand [of digging (0:7)] an uncursed copper wand [of undead turning (0:7)] an uncursed mithril wand [of create monster (0:14)] a blessed nickel wand [of polymorph (0:4)] an uncursed platinum wand [of make invisible (0:8)] an uncursed tin wand [of teleportation (0:5)] an uncursed tin wand [of teleportation (0:7)] an uncursed wand of nothing (0:5) an uncursed zinc wand [of sleep (0:8)] an uncursed [+0] unicorn horn Spells known in the end: Name Level Category Fail Memory a - sleep 1 enchantment 0% [|||.....] b - confuse monster 2 enchantment 29% [||||||..] c - force bolt 1 attack 0% [||||||..] d - light 1 divination 0% [||||||..] e - healing 1 healing 0% [||||||..] f - slow monster 2 enchantment 29% [||||||..] g - levitation 4 escape 94% [|||||||.] Your skills at the end: Fighting Skills martial arts [Master / Grand Master] Weapon Skills Spellcasting Skills attack spells [Basic / Basic] healing spells [Basic / Expert] Final Attributes: You were piously aligned. Hunger level was 795. Your alignment was 79 / 79. Monster difficulty range was 0 - 7. Level difficulty was 5. You resisted cold. You were immune to sleep. You were immune to poison. You saw invisible. You were warned. You had automatic searching. You were stealthy. You had teleport control. You had slower digestion. You were protected. You were fast. Your luck was zero. You are dead. Vanquished creatures: a ghost 2 giant mimics a baby long worm a long worm 5 wargs a winter wolf 4 small mimics a troll a gelatinous cube a freezing sphere a gargoyle 5 tengu an energy vortex a human mummy a python 2 carnivorous apes 7 ettin zombies a succubus 2 giant beetles a quivering blob 2 cockatrices 14 wolves 5 leprechauns an iron piercer 2 mumakil 2 giant spiders a scorpion a horse a black light a gnome king an orc mummy a brown pudding a rust monster a yeti a gold golem 2 werewolves a lizard a chickatrice a dog 3 dingos 2 housecats 2 jaguars a dwarf lord 2 blue jellies 2 white unicorns a dust vortex a raven 2 plains centaurs 3 gnome mummies a snake 3 apes 4 soldier ants 4 fire ants 5 snow ants a bugbear an imp a wood nymph a water nymph 4 Uruk-hai 2 rock piercers 3 enormous rats 2 rock moles 3 ponies a fog cloud 3 yellow lights a shrieker a violet fungus 3 gnome lords a gnomish wizard 2 kobold mummies a golden naga hatchling 2 gray oozes 2 barrow wights 3 elf zombies a ghoul 2 straw golems 9 giant ants a little dog 2 floating eyes 7 dwarves 2 kobold lords a kobold shaman 12 hill orcs 6 rothes 3 rabid rats a giant bat 3 Kop Sergeants a monkey 3 dwarf zombies 3 werejackals 5 iguanas 27 killer bees 4 acid blobs 7 coyotes a gas spore 4 hobbits a large kobold 2 hobgoblins 4 giant rats 4 cave spiders 4 yellow molds 25 gnomes 8 Keystone Kops 13 garter snakes 3 geckos 11 jackals 4 foxes 4 goblins 6 grid bugs 3 bats 5 lichens a kobold zombie 9 newts 366 creatures vanquished. Voluntary challenges: You pretended to be a vegetarian. You never hit with a wielded weapon. You read items or engraved 67 times. You put on armor 5 times. You never genocided any monsters. You never polymorphed an object. You never changed form. You used no wishes. You wrote Elbereth's name 36 times. You encountered 1 bones level. You never used any Sokoban shortcuts. Dungeon overview: The Dungeons of Doom: levels 1 to 11 Level 1 a fountain a long staircase Level 2 a fountain Level 3 a fountain Level 4 an altar to Huan Ti, a fountain stairs to The Gnomish Mines Level 5 a fountain Level 6 some fountains, a sink Level 7 a general store Level 9 many fountains Level 10 stairs to Sokoban Level 11 a fountain The Gnomish Mines: levels 5 to 6 Level 5 <- You were here stairs to The Dungeons of Doom Sokoban: levels 7 to 9 Level 9 stairs to The Dungeons of Doom History has recorded: On T:1 you entered the Dungeons of Doom to retrieve the Amulet of Yendor! On T:206 you reached level 2 of The Dungeons of Doom. On T:277 you advanced to experience level 2. On T:384 you reached level 3 of The Dungeons of Doom. On T:525 you advanced to experience level 3. On T:638 you reached level 4 of The Dungeons of Doom. On T:726 you reached level 1 of The Gnomish Mines. On T:728 you advanced to experience level 4. On T:895 you advanced to experience level 5. On T:1769 you advanced to experience level 6. On T:1774 you received a fireproof staff of searching from Huan Ti. On T:4079 you advanced to experience level 7. On T:4926 you reached level 5 of The Dungeons of Doom. On T:4948 you advanced to experience level 8. On T:5292 you reached level 6 of The Dungeons of Doom. On T:6232 you advanced to experience level 9. On T:6373 you reached level 7 of The Dungeons of Doom. On T:6596 you reached level 8 of The Dungeons of Doom. On T:6885 you reached level 9 of The Dungeons of Doom. On T:7308 you reached level 10 of The Dungeons of Doom. On T:7690 you received advice from The Oracle. On T:7861 you reached level 3 of Sokoban. On T:8257 you reached level 2 of Sokoban. On T:8809 you reached level 1 of Sokoban. On T:9237 you advanced to experience level 10. On T:10669 you reached level 11 of The Dungeons of Doom. On T:12635 you received Dragonbane from Huan Ti. On T:13020 you reached level 2 of The Gnomish Mines. Latest messages: You hit the pony! The pony kicks! The pony misses. [HP-4=66] You kill the pony! You hit the ape! The ape hits! (2x) The ape bites! [HP-6=60] You kill the ape! The giant ant misses. You kill the giant ant! [HP+1=61] You hit the mumak! The mumak butts! The mumak bites! [HP-41=20] You write "Elbereth" with your fingers into the dust. [HP+1=21] You hit the mumak! The mumak butts! You die... Final status: Punardarsanaya groovejumper the Monk... You died in The Gnomish Mines on dungeon level 5 with 30010 points, and 1415 pieces of gold, after 13857 moves. You were level 10 with a maximum of 70 hit points when you died.